cohdb
Replays
Latest Replays
All Replays
Popular Replays
Top Player Replays
Match Explorer
How It Works
Community
CoH3 Stats
Reddit
Sign in to upload your games and track your stats! →
Sign in with Steam
Match 43488044
Unlisted
Match 43488044
Overview
Messages
Build Orders
End
Kradschützen Motorcycle Team
Panzergrenadier Squad
Panzergrenadier Squad
Construct Light Support Kompanie
MG34 Team
Fire Support Elements
Flakvierling Half-track
Assault Mechanized Group
2.5-tonne Medical Truck
Selects Armored Support Battlegroup
Selects Armored Support Battlegroup
Selects Veteran Gunners
Selects Flammpanzer III Medium Tank
Flammpanzer III Medium Tank
Vehicle Survival Package
Tungsten Core Ammunition
Assault Mechanized Group
Selects Salvage Kits
Pak 38 Anti-tank Gun Team
Construct Panzerarmee Kommand
Armored Reserves
Selects Command Panzer IV F Medium Tank
Veteran Squad Leaders
Rapid Advance
Panzer IV Assault Group
Brother
Wonder
0
0
Comments
sign in to comment!
No comments posted yet!